 Dungeon Crawl Stone Soup version 0.22-a0-570-g58866f5 (webtiles) character file.

457 kae the Covered (level 6, -8/58 HPs)
             Began as a Deep Dwarf Fighter on June 30, 2018.
             Was an Initiate of Makhleb.
             Mangled by a wyvern skeleton (11 damage)
             ... on level 4 of the Dungeon.
             The game lasted 00:03:29 (3029 turns).

kae the Covered (Deep Dwarf Fighter)                Turns: 3029, Time: 00:03:29

Health: -8/58      AC:  7    Str: 21    XL:     6   Next: 77%
Magic:  6/6        EV:  9    Int:  9    God:    Makhleb [......]
Gold:   216        SH:  6    Dex: 12    Spells: 5/5 levels left

rFire    . . .     SeeInvis .   a - +1 war axe
rCold    . . .     Gourm    .   n - +1 buckler
rNeg     . . .     Faith    .   b - +0 scale mail
rPois    .         Spirit   .   (no helmet)
rElec    .         Reflect  .   (no cloak)
rCorr    .         Harm     .   (no gloves)
MR       +....     Rnd*Tele +   (no boots)
Stlth    ..........             (no amulet)
HPRegen  0.00/turn              h - ring of teleportation
MPRegen  0.10/turn              l - ring of protection from magic

@: non-regenerating
A: damage resistance, heal wounds, sense surroundings 1, no regeneration
a: Heal Wounds, Renounce Religion


You were on level 4 of the Dungeon.
You worshipped Makhleb.
Makhleb was noncommittal.
You were not hungry.

You visited 2 branches of the dungeon, and saw 5 of its levels.

You collected 216 gold pieces.

Inventory:

Hand Weapons
 a - a +1 war axe (weapon)
Armour
 b - a +0 scale mail (worn)
 c - a +0 shield
 n - a +1 buckler (worn)
Jewellery
 h - a ring of teleportation (left hand)
 k - an uncursed ring of fire {unknown}
 l - a ring of protection from magic (right hand)
Scrolls
 g - a scroll of amnesia {unknown}
 i - a scroll of enchant weapon
 o - a scroll of remove curse
 p - 2 scrolls of teleportation
 t - a scroll of fog {unknown}
Potions
 d - 2 potions of might
 e - a potion of heal wounds
 j - a potion of cancellation {unknown}
 m - a potion of flight
 q - a potion of agility
 s - a potion of magic {unknown}
Comestibles
 f - 4 rations


   Skills:
 + Level 4.4 Fighting
 + Level 4.7 Axes
 + Level 5.4 Armour
 - Level 4.0 Shields


You had 5 spell levels left.
You didn't know any spells.
Your spell library was empty.

Dungeon Overview and Level Annotations

Branches:
Dungeon (4/15)             Temple (1/1) D:4

Altars:
Ashenzari
Cheibriados
Dithmenos
Elyvilon
Gozag
Hepliaklqana
Makhleb
Nemelex Xobeh
Okawaru
Qazlal
Ru
Sif Muna
Trog
Uskayaw
Vehumet
Wu Jian
Xom
Yredelemnul
The Shining One


Innate Abilities, Weirdness & Mutations

You are resistant to damage.
You can heal yourself by infusing magical energy.
You passively map a small area around you.
You do not regenerate.


Message History

The wyvern skeleton is lightly damaged.
The wyvern skeleton barely misses you.
You slash the wyvern skeleton!
The wyvern skeleton is heavily damaged.
The wyvern skeleton bites you. x2
You barely miss the wyvern skeleton.
The wyvern skeleton is heavily damaged.
You block the wyvern skeleton's attack. x2
You hit the wyvern skeleton.
The wyvern skeleton is heavily damaged.
The wyvern skeleton bites you. The wyvern skeleton bites you!
* * * LOW HITPOINT WARNING * * *
You barely miss the wyvern skeleton.
The wyvern skeleton is heavily damaged.
The wyvern skeleton bites you!
* * * LOW HITPOINT WARNING * * *
You barely miss the wyvern skeleton.
The wyvern skeleton is heavily damaged.
The wyvern skeleton bites you!
You die...

, * * ,
............ ,
, *
###..........#
* *
............#
,*
#..........# *
*#........#*
**
##........## ,
#..........#
#......@Z..#
#..........#
.............#
,
#............#
*,
..##........##
# ##....!.##
########


You could see a wyvern skeleton.

Vanquished Creatures
  Grinder (D:3)
  A bullfrog (D:3)
  A bullfrog skeleton (D:2)
  A worker ant (D:4)
  5 adders
  An ooze (D:3)
  3 worms
  2 dart slugs (D:3)
  4 leopard geckos
  10 bats
  14 giant cockroaches
  7 goblins
  7 hobgoblins
  3 jackals (D:3)
  10 kobolds
  A ball python (D:1)
  4 frilled lizards
  12 rats
87 creatures vanquished.

Notes
Turn   | Place    | Note
-------+----------+-------------------------------------------
     0 | D:1      | kae the Deep Dwarf Fighter began the quest for the Orb.
     0 | D:1      | Reached XP level 1. HP: 20/20 MP: 1/1
   147 | D:1      | Reached XP level 2. HP: 27/27 MP: 2/2
   231 | D:1      | You fall through a shaft!
   303 | D:2      | Reached XP level 3. HP: 20/34 MP: 3/3
  1329 | D:2      | Reached XP level 4. HP: 38/42 MP: 4/4
  1456 | D:2      | Reached skill level 4 in Armour
  1796 | D:3      | Noticed Grinder
  1804 | D:3      | Killed Grinder
  1804 | D:3      | Reached skill level 5 in Armour
  1804 | D:3      | Reached XP level 5. HP: 28/50 MP: 5/5
  1804 | D:3      | Reached XP level 6. HP: 32/57 MP: 6/6
  2467 | D:3      | Found a glowing golden altar of the Shining One.
  2467 | D:3      | Found a sacrificial altar of Ru.
  2468 | D:3      | Found a radiant altar of Vehumet.
  2779 | D:4      | Found a staircase to the Ecumenical Temple.
  2781 | D:4      | Found a faded altar of an unknown god.
  2817 | Temple   | Entered the Ecumenical Temple
  2998 | Temple   | Became a worshipper of Makhleb the Destroyer
  3029 | D:4      | Mangled by a wyvern skeleton

Vault maps used:
D:1:      kennysheep_arrival_seaside, serial_park_tiny_1, roderic_three_in_a_row
D:2:      first_ration
D:3:      minmay_roachtagon, gammafunk_temple_overflow_claw, uniq_grinder
D:4:      marbit_many_paths, nicolae_temple_entry_ecumenical
Temple:   regret_index_temple_sphere_string

Skill      XL: |  1  2  3  4 |
---------------+-------------+-----
Fighting       | 3 4 |  4.4
Axes           | 3 4 |  4.7
Shields        | 4 |  4.0
Armour         | 5 |  5.4

Action                   |  1- 3 |  4- 6 || total
-------------------------+-------+-------++-------
Melee: War axe           |   127 |   155 ||   282
 Abil: Heal Wounds       |       |     2 ||     2
  Use: Scroll            |     3 |     7 ||    10
       Potion            |     2 |       ||     2
  Eat: Chunk             |     1 |     6 ||     7
Armor: Scale mail        |   109 |    80 ||   189
Dodge: Dodged            |    44 |    63 ||   107
Block: Shield            |    96 |    31 ||   127
       Buckler           |       |    30 ||    30

Table legend:
 A = Spawn XP
 B = Non-spawn XP
 C = Spawn XP percentage of total XP
 D = Spawn monster count
 E = Non-spawn monster count
 F = Spawn count percentage of total count
 G = Total turns spent on level
                    A         B        C        D         E        F      G
               +---------+---------+-------+---------+---------+-------+---------
         Total |       0 |     653 |   0.0 |       0 |      87 |   0.0 |  3029
               +---------+---------+-------+---------+---------+-------+---------
           D:1 |       0 |      33 |   0.0 |       0 |      21 |   0.0 |   786
           D:2 |       0 |     123 |   0.0 |       0 |      29 |   0.0 |   983
           D:3 |       0 |     462 |   0.0 |       0 |      35 |   0.0 |   976
           D:4 |       0 |      35 |   0.0 |       0 |       2 |   0.0 |    92
               +---------+---------+-------+---------+---------+-------+---------
